 Dungeon Crawl Stone Soup version 0.14-a0-3247-g5fd345f (webtiles) character file.

537198 Froboctopus the Shatterer (level 25, -4/131 HPs)
             Began as a Gargoyle Fighter on Mar 11, 2014.
             Was a High Priest of the Shining One.
             Killed from afar by a starcursed mass (19 damage)
             ... with an accursed screaming
             ... on Level 14 of a ziggurat on Mar 12, 2014.
             The game lasted 03:39:57 (54001 turns).

Froboctopus the Shatterer (Gargoyle Fighter)       Turns: 54001, Time: 03:40:01

HP  -4/131       AC 54     Str 30      XL: 25   Next: 68%
MP  15/35        EV 11     Int 10 (12) God: the Shining One [*****.]
Gold 5014        SH 68     Dex  8      Spells:  0 memorised, 24 levels left

rFire  + + +     SeeInvis +     V - +4,+3 eveningstar (holy)
rCold  + + +     Rnd*Rage +     A - +2 crystal plate armour
rNeg   + + +     Conserve +     Q - +0 large shield {rC+ rF+}
rPois  +         rCorr    .     J - +1 helmet "Cumi Lon" {Str+2 Dex-3 Int+5}
rElec  +         rRot     +     p - +0 cloak of Starlight {rElec rC+ EV+4 Stlth-}
SustAb + .       Spirit   .     k - +2 pair of gloves of the Beekeeper {+Inv rC+}
rMut   .         Warding  .     j - +1 pair of boots
Saprov . . .     Rnd*Tele +     i - amulet "Humi Cyfe" {Cons rF++}
MR     ++...                    F - +0,+6 ring of slaying
                                w - ring "Sisafe Zydi" {SustAb MR+ SInv}

@: very slightly contaminated, hasted, glowing, very quick, very resistant to
hostile enchantments, extremely unstealthy
A: large and strong wings, agile 1, berserk 1, blurry vision 2, deformed body,
deterioration 1, dopey 2, herbivore 1, fast metabolism 3, frail 2, life
protection 1, screaming 1, electricity resistance, teleportitis 1, weak 1,
unbreathing, evolution 1, petrification resistance, AC +19
a: Fly, Divine Shield, Cleansing Flame, Summon Divine Warrior, Renounce
Religion, Evoke Invisibility
}: 3/15 runes: serpentine, barnacled, abyssal


You were on level 14 of a ziggurat.
You worshipped the Shining One.
The Shining One was extremely pleased with you.
You were not hungry.

You visited 8 branches of the dungeon, and saw 45 of its levels.
You visited the Abyss 1 time.
You visited 2 bazaars.
You visited 1 Ziggurat, and saw 14 of its levels.
You also visited: Labyrinth, Ice Cave and Volcano.

You collected 5850 gold pieces.
You spent 836 gold pieces at shops.

Inventory:

Hand weapons
 g - a +7,+7 eveningstar of flaming
 V - a +4,+3 eveningstar of holy wrath (weapon)
Missiles
 P - 12 javelins (quivered)
Armour
 j - a +1 pair of boots (worn)
 k - the +2 pair of gloves of the Beekeeper (worn) {+Inv rC+}
   (Okawaru gifted it to you on level 4 of the Lair of Beasts)

   It protects you from cold.
   It lets you turn invisible.
 p - the +0 cloak of Starlight (worn) {rElec rC+ EV+4 Stlth-}
   (You acquired it on level 13 of the Dungeon)

   It affects your evasion (+4).
   It protects you from cold.
   It insulates you from electricity.
   It makes you much less stealthy.
 A - a +2 crystal plate armour (worn)
 J - the +1 helmet "Cumi Lon" (worn) {Str+2 Dex-3 Int+5}
   (Okawaru gifted it to you on level 1 of the Depths)

   It affects your strength (+2).
   It affects your intelligence (+5).
   It affects your dexterity (-3).
 Q - a +0 large shield of resistance (worn)
Magical devices
 f - a wand of digging (11)
 t - a wand of hasting (5)
 u - a wand of disintegration (13)
 y - a wand of teleportation (7)
Comestibles
 a - 2 pears
 d - 6 bread rations
 I - 5 meat rations
 L - 4 apples
 U - 3 chokos
Scrolls
 b - 2 scrolls of teleportation
 c - a scroll of summoning
 l - 3 scrolls of identify
 q - 6 scrolls of fog
 r - 5 scrolls of remove curse
 B - 4 scrolls of magic mapping
 E - 2 scrolls of fear
 H - 12 scrolls of blinking
 N - 3 scrolls of recharging
 O - 2 scrolls of silence
 S - a scroll of brand weapon
 X - 2 scrolls of holy word
Jewellery
 i - the amulet "Humi Cyfe" (around neck) {Cons rF++}
   (You found it on level 2 of the Lair of Beasts)

   [amulet of conservation]

   It greatly protects you from fire.
 w - the ring "Sisafe Zydi" (left hand) {SustAb MR+ SInv}
   (You found it on level 2 of the Depths)

   [ring of sustain abilities]

   It affects your resistance to hostile enchantments.
   It enhances your eyesight.
 x - an uncursed amulet of resist corrosion
 F - a +0,+6 ring of slaying (right hand)
 R - the amulet "Ihevuune" {rMut rElec rC+}
   (You found it on level 6 of a ziggurat)

   [amulet of resist mutation]

   It protects you from cold.
   It insulates you from electricity.
 Z - the ring "Resm" {EV+3 Str+2 Dex+4}
   (You found it on level 12 of a ziggurat)

   [ring of evasion]

   It affects your evasion (+3).
   It affects your strength (+2).
   It affects your dexterity (+4).
Potions
 e - a potion of haste
 h - 3 potions of restore abilities
 m - 8 potions of curing
 n - 3 potions of heal wounds
 o - 2 potions of resistance
 s - 2 potions of agility
 G - 2 potions of berserk rage
 K - 2 potions of might
Miscellaneous
 z - a fan of gales
 M - a disc of storms
 T - a lamp of fire
 W - a fan of gales (inert)
 Y - a lamp of fire


   Skills:
 + Level 18.6 Fighting
 * Level 22.6 Maces & Flails
 - Level 9.0 Throwing
 * Level 22.2 Armour
 * Level 22.0 Shields
 - Level 11.0 Invocations
 - Level 4.7 Evocations


You had 24 spell levels left.
You didn't know any spells.

Dungeon Overview and Level Annotations

Branches:
Dungeon (16/16)            Temple (1/1) D:6             Orc (4/4) D:12
    Elf (0/3) Orc:4          Lair (8/8) D:9          Shoals (5/5) Lair:3
  Snake (5/5) Lair:5        Slime (0/6) Lair:8       Vaults (0/5) D:15
   Hell (1/1)              Depths (5/6) D:16
    Dis: Hell:1         Geh: Hell:1         Coc: Hell:1         Tar: Hell:1
    Zot: Depths:5

Altars:
Ashenzari
Cheibriados
Dithmenos
Elyvilon
Fedhas
Kikubaaqudgha
Makhleb
Nemelex Xobeh
Okawaru
Sif Muna
Trog
Vehumet
Xom
Yredelemnul
Zin
The Shining One
Beogh

Shops:
D:7 [   Orc:3 !(=   Orc:4 %([[   Shoals:2 *   Snake:1 *   Snake:4 =
Depths:2 [

Portals:
Hell: Depths:2 Depths:3 Depths:4 Depths:5
Abyss: Depths:2 Depths:4
Pandemonium: Depths:3 Depths:4
Trove: D:15 (give 5 scrolls of blinking)

Annotations:
Lair:1 !tv
Lair:6 exclusion: oklob plant


Innate Abilities, Weirdness & Mutations

You are resistant to torment.
You are immune to poison.
You can fly continuously.
Your stone body is very resilient (AC +19).
Your wings are large and strong.
You resist negative energy.
You are resistant to electric shocks.
You can survive without breathing.
You are immune to petrification.
You are agile. (Dex +2)
Armour fits poorly on your strangely shaped body.
You occasionally shout uncontrollably.
You evolve.
[You tend to lose your temper in combat.]
[Your vision is quite blurry.]
[Your body is slowly deteriorating.]
[You are very dopey. (Int -4)]
[You digest meat inefficiently.]
[Your metabolism is lightning-fast.]
[You are very frail (-20% HP).]
[Space occasionally distorts in your vicinity.]
[You are weak. (Str -2)]


Message History

The monstrous corrupter hits you but does no damage.
The monstrous corrupter claws you but does no damage.
The monstrous corrupter gores you but does no damage.
The ancient champion casts a spell at you.
You feel haunted.
Send 'em back where they came from!
The greater naga loses its grip on your daeva.
Your daeva dissolves into sparkling lights!
The tentacled starspawn bites you!
* * * LOW HITPOINT WARNING * * *
The tentacled starspawn engulfs you but does no damage.
You can move again.
Read which item? (? for menu, Esc to quit)
The writing blurs in front of your eyes.
The deep elf blademaster hits you but does no damage.
You block the deep elf blademaster's attack.
You block the greater naga's attack.
The starcursed mass engulfs you but does no damage.
The starcursed mass barely misses you.
A cacophony of accursed wailing tears at your sanity!
You die...

....................▓
.§...#.....#.........▓
.....................▓
.....................▓
}....................∩▓
[.....*X..............▓
......XXEX............▓
......X#XXXX.#.........▓
.....wXNX@X............▓
.......XX6eN...........▓
▓▓▓▓..zXXN.....▓▓▓▓▓▓▓▓
▓...........▓
▓...........▓
▓...........▓
▓...........▓
▓▓▓▓▓▓▓▓▓▓▓▓▓


You could see 12 starcursed masses, a deep elf blademaster, a salamander
firebrand, a monstrous corrupter, a tentacled starspawn, 2 greater nagas, a
wretched star, an ancient champion, a thrashing horror, 2 large abominations, an
earth elemental and a starspawn tentacle.

Vanquished Creatures
  Norris (Depths:2)
  Geryon (Hell)
  2 golden dragons (Depths:3)
  2 bone dragons
  Nikola (Shoals:3)
  3 hellephants
  Asterion (Snake:1)
  A tentacled monstrosity (Depths:3)
  2 deep elf master archers
  4 titans
  7 deep elf blademasters
  5 liches
  An acid blob (Zig:3)
  A Shadow Fiend (Depths:2)
  3 sphinxes
  A kraken (Shoals:5)
  9 tentacled starspawn
  Rupert (Lair:6)
  3 shadow dragons
  8 fire dragons
  A draconian monk (Zig:5)
  Ilsuiw (Shoals:5)
  A revenant (Zig:6)
  12 fire giants
  2 deep elf sorcerers
  Wiglaf (Snake:3)
  8 greater nagas
  13 frost giants
  An iron dragon (Zig:12)
  Aizul (Snake:3)
  Louise (Shoals:3)
  3 emperor scorpions
  8 orc warlords
  8 reapers
  A draconian knight (Zig:9)
  2 draconian zealots (Zig:5)
  The ghost of HOllOWCh4rg3 the Black Belt, a powerful DsMo of Dithmenos (D:16)
  2 cacodemons
  A draconian annihilator (Zig:5)
  A deep elf demonologist (Zig:11)
  17 stone giants
  A spriggan defender (Depths:3)
  A draconian shifter (Zig:9)
  A lorocyproca (Abyss:4)
  A draconian caller (Zig:9)
  A grey draconian (Depths:2)
  A vampire knight (Depths:2)
  A white draconian (Depths:2)
  A yellow draconian (Shoals:1)
  14 dire elephants
  A deep elf annihilator (Zig:4)
  2 black draconians (Depths:2)
  A purple draconian (Zig:9)
  2 mottled draconians
  A red draconian (Depths:2)
  3 black suns (Zig:6)
  11 ettins
  6 deep elf death magi
  A blizzard demon (Abyss:5)
  7 merfolk javelineers
  A deep elf high priest (Zig:11)
  3 minotaurs
  A quicksilver dragon zombie (Hell)
  12 merfolk impalers
  6 sirens
  5 merfolk aquamancers
  2 great orbs of eyes
  2 yaktaur captains
  5 spriggan air magi
  8 rakshasas
  Josephine (Orc:3)
  23 naga warriors
  A spectral fire giant (Depths:2)
  7 hydras
  15 anacondas
  A dancing weapon (Abyss:2)
  12 ice dragons
  3 ravenous feature mimics
  2 alligator snapping turtles
  3 shambling mangroves (Zig:7)
  A spectral frost giant (Depths:2)
  7 ogre magi
  3 spectral elves (Depths:2)
  A tengu warrior (Depths:2)
  8 shock serpents
  A spriggan berserker (Depths:3)
  3 deep troll earth magi
  6 soul eaters
  2 catoblepae
  10 hell hogs
  25 death yaks
  10 naga sharpshooters
  26 hell knights
  7 orc high priests
  A titan zombie (Depths:2)
  15 thrashing horrors
  A sun demon (Zig:14)
  23 very ugly things
  Nergalle (Lair:3)
  3 iron trolls
  2 wretched stars
  2 ice devils (Hell)
  Erolcha (Orc:3)
  6 salamander mystics
  13 centaur warriors
  A titan skeleton (Abyss:1)
  6 deep elf knights
  A spatial maelstrom (Zig:14)
  28 large abominations
  23 skeletal warriors
  2 unseen horrors
  The ghost of Restia the Cleaver, an experienced DsMo of Makhleb (D:12)
  2 storm dragon skeletons (Hell)
  A sea snake (shapeshifter) (D:16)
  2 golden dragon zombies
  7 deep trolls
  An orb spider (Abyss:2)
  19 sea snakes
  2 giant orange brains
  11 naga ritualists
  14 hill giants
  2 wizards
  5 deep elf summoners
  7 water nymphs
  4 ice statues
  A shadow dragon zombie (Hell)
  34 starcursed masses
  A lindwurm (Depths:5)
  A tengu zombie (Depths:2)
  A spectral minotaur (Depths:2)
  Pikel (D:5)
  2 sphinx zombies
  A shadow demon (Zig:8)
  2 golden dragon skeletons (Depths:2)
  2 hellions
  8 harpies
  5 deep elf conjurers
  10 necromancers
  6 hell hog zombies (Hell)
  17 fauns
  5 orc knights
  A flaming corpse (Zig:14)
  A shadow dragon skeleton (Depths:2)
  4 sixfirhies
  2 fire giant zombies
  2 frost giant zombies (Depths:2)
  A wolf spider (shapeshifter) (Depths:5)
  12 salamanders
  11 manticores
  9 orc sorcerers
  4 stone giant zombies
  A wolf spider (Lair:7)
  7 mana vipers
  6 worldbinders
  9 cyclopes
  2 sphinx skeletons (Depths:2)
  A red wasp (Zig:7)
  7 griffons
  11 mermaids
  4 elephants (Lair:8)
  8 spiny frogs
  8 octopodes
  6 stone giant skeletons (Depths:2)
  An elf zombie (Depths:2)
  6 guardian serpents
  A drowned soul (Shoals:3)
  2 feature mimics
  30 black mambas
  9 smoke demons
  2 tormentors
  Psyche (D:10)
  A purple draconian zombie (Zig:9)
  6 ancient zymes
  31 naga magi
  A kobold demonologist (D:13)
  An orange demon (Abyss:5)
  A dryad (Zig:7)
  5 fire drakes
  A demonic crawler (Zig:11)
  7 iron devils
  6 efreet
  8 blue devils
  3 spriggan skeletons
  11 deep elf priests
  16 yaktaurs
  3 tengu simulacra (Depths:2)
  5 komodo dragons
  A red devil (Orc:4)
  15 two-headed ogres
  14 raiju
  3 giant fireflies
  Sonja (D:14)
  5 freezing wraiths
  41 merfolk
  10 slime creatures
  A jumping spider (Abyss:1)
  13 trolls
  5 boulder beetles
  7 snapping turtles
  3 wind drakes
  2 spriggan zombies
  A grizzly bear (Lair:6)
  A queen bee (shapeshifter) (Depths:2)
  An ettin zombie (Zig:12)
  A stone giant simulacrum (Depths:2)
  8 deep elf magi
  26 blink frogs
  6 ravens
  A molten gargoyle (Lair:7)
  A tarantella (Lair:8)
  5 basilisks
  A trapdoor spider (D:14)
  20 sharks
  2 spriggans (Depths:5)
  4 ynoxinuls
  5 flying skulls
  3 redbacks (Lair:8)
  2 wyverns (D:16)
  23 water elementals
  4 shadows
  2 vampires (Volcano)
  11 air elementals
  33 yaks
  61 ugly things
  2 fire elementals (Lair:8)
  8 neqoxecs
  An elephant slug (Lair:6)
  6 vampire mosquitoes (D:16)
  Grum (D:13)
  4 chaos spawn
  2 wraiths (Abyss:2)
  15 hell beasts (Hell)
  A hill giant skeleton (D:9)
  An elf skeleton (D:16)
  7 deep elf fighters
  14 hippogriffs
  A steam dragon (D:11)
  5 wolves
  2 mottled dragons
  4 hungry ghosts
  65 nagas
  A soldier ant (D:15)
  3 gargoyles
  5 human zombies
  A hydra simulacrum (D:15)
  4 necrophages
  9 hell hounds
  6 wargs
  33 water moccasins
  24 small abominations
  6 porcupines
  A black bear (D:8)
  7 giant goldfish
  13 ice beasts
  39 ogres
  7 sky beasts
  30 centaurs
  3 yellow wasps
  83 orc warriors
  3 phantoms
  An ice dragon simulacrum (Abyss:2)
  2 spriggan simulacra (Depths:2)
  A black bear (shapeshifter) (Depths:3)
  A manticore skeleton (D:13)
  3 big kobolds
  2 boring beetles
  2 brain worms
  11 crocodiles
  7 giant slugs
  Blork the orc (D:8)
  3 hell hound zombies (Hell)
  4 lava worms (Lair:8)
  A cyclops zombie (D:16)
  20 giant frogs
  3 eyes of draining
  7 insubstantial wisps
  6 scorpions
  A yak zombie (D:10)
  A wyvern skeleton (D:11)
  3 electric eels
  5 killer bees (D:11)
  7 crimson imps
  2 goliath beetles
  46 orc priests
  A giant frog zombie (D:6)
  9 hounds
  A jelly (D:11)
  6 big fish
  A giant frog skeleton (D:8)
  7 lava snakes (Lair:8)
  2 quasits
  A centaur skeleton (D:4)
  7 iguanas
  6 iron imps
  38 orc wizards
  A two-headed ogre skeleton (D:8)
  10 worker ants
  A lightning spire (Zig:10)
  An orange rat (Zig:11)
  13 sheep
  Ijyb (D:2)
  A mummy (Volcano)
  A hound skeleton (D:5)
  Terence (D:3)
  2 worker ant zombies
  47 green rats
  3 gnolls (D:7)
  2 shadow imps
  2 white imps
  27 adders
  16 ufetubi
  5 worms
  An adder zombie (D:5)
  4 orc zombies
  11 giant eyeballs
  10 giant geckos
  3 oozes
  348 orcs
  An orc simulacrum (Orc:3)
  5 ball pythons
  4 giant cockroaches
  26 goblins
  15 hobgoblins
  16 quokkas
  21 bats
  4 giant newts
  A giant newt skeleton (D:4)
  A giant spore (D:13)
  A goblin skeleton (D:4)
  14 jackals
  37 kobolds
  A kobold skeleton (D:6)
  3 orc skeletons
  30 rats
  7 ballistomycetes
  4 crawling corpses (Zig:11)
  5 plants
  6 starspawn tentacles
2694 creatures vanquished.

Vanquished Creatures (collateral kills)
  A tentacled starspawn (Abyss:2)
  A deep elf blademaster (Zig:11)
  2 draconian knights (Zig:9)
  2 pale draconians (Zig:9)
  A black draconian (Zig:9)
  A quicksilver dragon skeleton (Zig:8)
  A thrashing horror (Zig:14)
  A very ugly thing (Abyss:2)
  A deep elf conjurer (Zig:11)
  A hill giant (Zig:13)
  A shining eye (Zig:3)
  2 draconian zombies (Zig:9)
  A tengu skeleton (Zig:8)
  3 starcursed masses (Abyss:2)
  A wind drake (Zig:9)
  A flying skull (Zig:8)
  2 shadows (Zig:8)
  A redback (Zig:11)
  A shadow imp (Zig:8)
  An ooze (Zig:3)
26 creatures vanquished.

Vanquished Creatures (others)
  2 angels
  A draconian caller (Zig:9)
  An apis (Zig:7)
  A deep elf high priest (Zig:11)
  An ice devil (Hell)
  A deep elf summoner (Zig:11)
  A large abomination (Abyss:5)
  A wolf spider (Zig:7)
  A drowned soul (Shoals:3)
  2 iron devils (Zig:12)
  A deep elf mage (Zig:11)
  A fire vortex (Lair:8)
  A fire elemental (Zig:7)
  A naga (Snake:4)
  A water moccasin (Zig:10)
  An orc warrior (Depths:2)
  A small abomination (Abyss:2)
  An ice beast (Zig:11)
  An ogre (Depths:3)
  A boring beetle (Zig:12)
  An iron imp (Zig:12)
  An orc wizard (Orc:4)
  A sheep (Zig:10)
  2 green rats
  An orc (Depths:2)
  A kobold (D:13)
  4 giant spores
  A lurking horror (Abyss:4)
  A bush (Lair:8)
  A crawling corpse (Zig:11)
  8 fungi
  4 plants
  25 starspawn tentacles
  115 starspawn tentacle segments
  4 tentacles (Shoals:5)
192 creatures vanquished.

Grand Total: 2912 creatures vanquished

Notes
Turn   | Place    | Note
--------------------------------------------------------------
     0 | D:1      | Froboctopus, the Gargoyle Fighter, began the quest for the Orb.
     0 | D:1      | Reached XP level 1. HP: 14/14 MP: 1/1
    93 | D:1      | Reached XP level 2. HP: 19/19 MP: 2/2
   327 | D:1      | Reached XP level 3. HP: 16/23 MP: 3/3
   947 | D:2      | Noticed Ijyb
   963 | D:2      | Killed Ijyb
   963 | D:2      | Reached skill level 4 in Armour
   963 | D:2      | Reached XP level 4. HP: 29/29 MP: 4/4
  1196 | D:3      | Noticed Terence
  1213 | D:3      | Killed Terence
  2040 | D:3      | Reached XP level 5. HP: 33/33 MP: 5/5
  2384 | D:4      | Reached XP level 6. HP: 38/38 MP: 6/6
  2535 | D:4      | Paralysed by a giant eyeball for 3 turns
  2575 | D:4      | Reached skill level 5 in Maces & Flails
  2584 | D:4      | Noticed a sky beast
  2610 | D:4      | Killed a sky beast
  2677 | D:4      | Reached XP level 7. HP: 39/43 MP: 7/7
  2794 | D:4      | Reached skill level 6 in Maces & Flails
  3173 | D:5      | Entered Level 5 of the Dungeon
  3214 | D:5      | Reached skill level 5 in Shields
  3247 | D:5      | Reached skill level 5 in Armour
  3514 | D:5      | Noticed Pikel
  3528 | D:5      | Killed Pikel
  3528 | D:5      | Reached skill level 5 in Fighting
  3528 | D:5      | Reached skill level 7 in Maces & Flails
  3528 | D:5      | Reached XP level 8. HP: 45/49 MP: 8/8
  3844 | D:6      | Reached XP level 9. HP: 30/54 MP: 9/9
  3966 | D:6      | Found a staircase to the Ecumenical Temple.
  3976 | Temple   | Entered the Ecumenical Temple
  4068 | Temple   | Became a worshipper of Warmaster Okawaru
  4122 | D:6      | Found a glowing golden altar of the Shining One.
  4243 | D:6      | Reached skill level 8 in Maces & Flails
  4275 | D:6      | HP: 1/55 [orc priest/divine providence (15)]
  4304 | D:6      | HP: 1/55 [orc priest/club (4)]
  5127 | D:7      | Acquired Okawaru's first power
  5302 | D:7      | Found Visahos' Armour Boutique.
  5532 | D:7      | Reached skill level 9 in Maces & Flails
  5606 | D:7      | Found a sparkling altar of Nemelex Xobeh.
  6156 | D:8      | Noticed Blork the orc
  6167 | D:8      | Killed Blork the orc
  6167 | D:8      | Reached XP level 10. HP: 52/61 MP: 10/10
  6322 | D:8      | Found a glowing golden altar of the Shining One.
  6683 | D:9      | Found a bloodstained altar of Trog.
  7198 | D:9      | Found a blossoming altar of Fedhas.
  7249 | D:9      | Found a staircase to the Lair.
  7291 | D:9      | Reached skill level 10 in Maces & Flails
  7588 | D:10     | Entered Level 10 of the Dungeon
  7761 | D:10     | Found a staircase to the Lair.
  7942 | D:10     | Noticed Psyche
  7944 | D:10     | Paralysed by Psyche for 6 turns
  7957 | D:10     | Killed Psyche
  8330 | D:10     | the staircase to the Lair was a mimic.
  8409 | Lair:1   | Entered Level 1 of the Lair of Beasts
  8447 | Lair:1   | Upgraded the game from 0.14-a0-3194-g0089908 to 0.14-a0-3247-g5fd345f
  8528 | Lair:1   | Reached XP level 11. HP: 58/67 MP: 11/11
  8749 | Lair:1   | Reached skill level 11 in Maces & Flails
  8785 | Lair:1   | Reached skill level 10 in Shields
  8869 | Lair:1   | Reached skill level 10 in Armour
  9167 | Lair:2   | Acquired Okawaru's second power
  9495 | Lair:2   | Received a gift from Okawaru
  9505 | Lair:2   | Got a bloodstained cloak {god gift}
  9509 | Lair:2   | Identified the -3 cloak "Croiroku" {+Fly Int+1 Dam+3 SInv} (Okawaru gifted it to you on level 2 of the Lair of Beasts)
  9873 | Lair:2   | Noticed a six-headed hydra
  9882 | Lair:2   | Killed a six-headed hydra
 10031 | Lair:2   | Got a twitching ivory amulet
 10299 | Lair:2   | Noticed a four-headed hydra
 10306 | Lair:2   | Killed a four-headed hydra
 10653 | Lair:3   | Reached XP level 12. HP: 75/75 MP: 12/12
 10668 | Lair:3   | Identified the Papyrus of Shape Shifting and Earth
 10678 | Lair:3   | Noticed Nergalle
 10699 | Lair:3   | Killed Nergalle
 10699 | Lair:3   | Reached skill level 12 in Maces & Flails
 11276 | Lair:3   | Found a staircase to the Shoals.
 11825 | Lair:4   | Identified the amulet "Humi Cyfe" {Cons rF++} (You found it on level 2 of the Lair of Beasts)
 11932 | Lair:4   | Received a gift from Okawaru
 11933 | Lair:4   | Got a pair of warped gloves {god gift}
 11937 | Lair:4   | Identified the +2 pair of gloves of the Beekeeper {+Inv rC+} (Okawaru gifted it to you on level 4 of the Lair of Beasts)
 11956 | Lair:4   | Identified a scroll of acquirement
 12612 | Lair:5   | Noticed a five-headed hydra
 12619 | Lair:5   | Killed a five-headed hydra
 12712 | Lair:5   | Found a staircase to the Snake Pit.
 12746 | Snake:1  | Entered Level 1 of the Snake Pit
 12746 | Snake:1  | Noticed Asterion
 13041 | Lair:5   | Reached skill level 13 in Maces & Flails
 13123 | Lair:5   | Noticed a five-headed hydra
 13136 | Lair:5   | Killed a five-headed hydra
 13231 | Lair:5   | Gained mutation: Your flesh is cold resistant. [potion of beneficial mutation]
 13591 | Lair:6   | Noticed Rupert
 13592 | Lair:6   | Paralysed by Rupert for 3 turns
 13645 | Lair:6   | Killed Rupert
 13645 | Lair:6   | Reached XP level 13. HP: 43/80 MP: 13/13
 13827 | Lair:6   | Noticed a four-headed hydra
 13837 | Lair:6   | Killed a four-headed hydra
 13942 | Lair:6   | Received a gift from Okawaru
 13999 | Lair:6   | Noticed a seven-headed hydra
 14006 | Lair:6   | Killed a seven-headed hydra
 14831 | Lair:7   | Found a labyrinth entrance.
 14884 | Lab      | Entered a labyrinth
 15613 | Lab      | Noticed a minotaur
 15629 | Lab      | Killed a minotaur
 15629 | Lab      | Received a gift from Okawaru
 15742 | Lab      | Identified the Tome of Enhancements (You found it in a labyrinth)
 16245 | Lair:8   | Entered Level 8 of the Lair of Beasts
 16661 | Lair:8   | Reached skill level 14 in Maces & Flails
 17106 | Lair:8   | Noticed a dire elephant
 17106 | Lair:8   | Noticed a dire elephant
 17110 | Lair:8   | Noticed a dire elephant
 17143 | Lair:8   | Noticed a dire elephant
 17155 | Lair:8   | Killed a dire elephant
 17155 | Lair:8   | Reached skill level 10 in Fighting
 17159 | Lair:8   | Noticed a dire elephant
 17171 | Lair:8   | Killed a dire elephant
 17198 | Lair:8   | Killed a dire elephant
 17198 | Lair:8   | Received a gift from Okawaru
 17201 | Lair:8   | Got an ancient morningstar {god gift}
 17202 | Lair:8   | Identified the +10,+4 morningstar of Dullness {venom, +Fly rElec rF- MR++ Dex+2 Stlth--} (Okawaru gifted it to you on level 8 of the Lair of Beasts)
 17285 | Lair:8   | Killed a dire elephant
 17285 | Lair:8   | Gained mutation: Your wings are large and strong. [gargoyle growth]
 17285 | Lair:8   | Reached XP level 14. HP: 8/88 MP: 12/14
 17601 | Lair:8   | Killed a dire elephant
 17745 | Lair:8   | Noticed a dire elephant
 17758 | Lair:8   | Killed a dire elephant
 18037 | Lair:8   | Found a staircase to the Slime Pits.
 19114 | D:11     | Received a gift from Okawaru
 19133 | D:11     | Got a faintly humming shield {god gift}
 19145 | D:11     | Identified the +0 shield of the Orcish Mines {rF+ rC+ Str+2 Dam+5 Stlth++} (Okawaru gifted it to you on level 11 of the Dungeon)
 19516 | D:12     | Noticed Restia's ghost (experienced DsMo)
 19529 | D:12     | Killed Restia's ghost
 19794 | D:12     | Found a staircase to the Orcish Mines.
 20313 | D:13     | Found a glowing golden altar of the Shining One.
 20330 | D:13     | Reached skill level 15 in Maces & Flails
 20350 | D:13     | Noticed Grum
 20357 | D:13     | Killed Grum
 21318 | D:14     | Reached XP level 15. HP: 91/93 MP: 15/15
 21345 | D:14     | Reached skill level 15 in Shields
 21480 | D:14     | Reached skill level 1 in Invocations
 21516 | D:14     | Noticed Sonja
 21533 | D:14     | Killed Sonja
 21625 | D:14     | Received a gift from Okawaru
 21625 | D:14     | Reached skill level 15 in Armour
 21949 | D:15     | Entered Level 15 of the Dungeon
 22251 | D:15     | Found a portal to a secret trove of treasure.
 22414 | D:15     | Found a gate to the Vaults.
 22562 | D:15     | Reached skill level 5 in Invocations
 23067 | Orc:1    | Entered Level 1 of the Orcish Mines
 24005 | Orc:2    | Found a dark tunnel.
 24014 | Volcano  | Entered a volcano
 24566 | Orc:3    | Found Haisaow's Antique Weapon Emporium.
 24570 | Orc:3    | Found Mumateoc's Jewellery Boutique.
 24601 | Orc:3    | Bought a cursed ring of hunger for 26 gold pieces
 24601 | Orc:3    | Bought a cursed -3 ring of dexterity for 26 gold pieces
 24735 | Orc:3    | Noticed Josephine
 24741 | Orc:3    | Killed Josephine
 24744 | Orc:3    | Noticed Erolcha
 24773 | Orc:3    | Killed Erolcha
 24918 | Orc:3    | Found Giulaep's Distillery.
 24930 | Orc:3    | Bought a potion of flight for 36 gold pieces
 24930 | Orc:3    | Bought a potion of heal wounds for 36 gold pieces
 24930 | Orc:3    | Bought a potion of curing for 24 gold pieces
 24930 | Orc:3    | Bought a potion of heal wounds for 36 gold pieces
 24930 | Orc:3    | Bought a potion of brilliance for 30 gold pieces
 24930 | Orc:3    | Bought a potion of decay for 24 gold pieces
 24930 | Orc:3    | Bought a potion of mutation for 30 gold pieces
 24930 | Orc:3    | Bought 2 potions of curing for 48 gold pieces
 25291 | Orc:4    | Entered Level 4 of the Orcish Mines
 25673 | Orc:4    | Found a roughly hewn altar of Beogh.
 25751 | Orc:4    | Received a gift from Okawaru
 25886 | Orc:4    | Found Cupnuust's Food Emporium.
 25899 | Orc:4    | Found Kalauxau's Antique Weapon Shoppe.
 26296 | Orc:4    | Gained mutation: You are agile. (Dex +2) [potion of beneficial mutation]
 26505 | Orc:4    | Found a staircase to the Elven Halls.
 26588 | Orc:4    | Paralysed by an orc sorcerer for 2 turns
 26856 | Orc:4    | Reached XP level 16. HP: 103/103 MP: 25/28
 27411 | Orc:4    | Found Vaequgg's Armour Shoppe.
 27691 | Orc:4    | Found a roughly hewn altar of Beogh.
 27722 | Orc:4    | Found Wulez's Antique Armour Emporium.
 27844 | Orc:4    | Bought a pair of boots for 144 gold pieces
 28035 | Orc:4    | Received a gift from Okawaru
 28763 | D:16     | Entered Level 16 of the Dungeon
 28819 | D:16     | Noticed HOllOWCh4rg3's ghost (powerful DsMo)
 28845 | D:16     | Killed HOllOWCh4rg3's ghost
 29065 | D:16     | Reached skill level 10 in Invocations
 29122 | D:16     | Found a frozen archway.
 29130 | IceCv    | Entered an ice cave
 29478 | D:16     | Found a staircase to the Depths.
 29630 | D:16     | Found a shadowy altar of Dithmenos.
 29881 | D:16     | Reached skill level 16 in Maces & Flails
 30135 | Depths:1 | Entered Level 1 of the Depths
 30155 | Depths:1 | Received a gift from Okawaru
 30166 | Depths:1 | Got a fine helmet {god gift}
 30170 | Depths:1 | Identified the +1 helmet "Cumi Lon" {Str+2 Dex-3 Int+5} (Okawaru gifted it to you on level 1 of the Depths)
 30620 | Snake:1  | Noticed a spectral weapon
 30728 | Snake:1  | Noticed a spectral weapon
 30740 | Snake:1  | Killed Asterion
 30770 | Snake:1  | Noticed an anaconda
 30773 | Snake:1  | Killed an anaconda
 30778 | Snake:1  | Noticed a naga warrior
 30791 | Snake:1  | Killed a naga warrior
 30811 | Snake:1  | Found Steukh's Assorted Antiques.
 31136 | Snake:1  | Identified a +0 rod of striking (13/13) (You found it on level 1 of the Snake Pit)
 31286 | Snake:2  | Found a flickering gateway to a bazaar.
 31296 | Bazaar   | Entered a bazaar
 31300 | Bazaar   | Found Otiocric's Distillery.
 31306 | Bazaar   | Bought 2 potions of heal wounds for 102 gold pieces
 31306 | Bazaar   | Bought a potion of heal wounds for 51 gold pieces
 31306 | Bazaar   | Bought a potion of curing for 34 gold pieces
 31306 | Bazaar   | Bought a potion of haste for 119 gold pieces
 31306 | Bazaar   | Bought a potion of degeneration for 34 gold pieces
 31320 | Bazaar   | Found Zaesuof's Antique Armour Shoppe.
 31337 | Bazaar   | Found Pragay's Jewellery Boutique.
 31354 | Bazaar   | Found Ohat Nepn's Antique Weapon Emporium.
 32124 | Snake:3  | Found Uvvaaca's Antique Weapon Shoppe.
 32136 | Snake:2  | Reached XP level 17. HP: 96/109 MP: 30/30
 32402 | Snake:3  | Noticed Wiglaf
 32415 | Snake:3  | Killed Wiglaf
 32442 | Snake:3  | Received a gift from Okawaru
 32552 | Snake:3  | Noticed Aizul
 32561 | Snake:3  | Killed Aizul
 32611 | Snake:3  | Uvvaaca's Antique Weapon Shoppe was a mimic.
 33147 | Snake:4  | Reached skill level 17 in Maces & Flails
 33324 | Snake:4  | Found Uvaruget's Jewellery Emporium.
 33350 | Snake:4  | Received a gift from Okawaru
 33947 | Snake:5  | Entered Level 5 of the Snake Pit
 34135 | Snake:5  | Reached XP level 18. HP: 96/117 MP: 31/31
 34468 | Snake:5  | Received a gift from Okawaru
 35306 | Snake:5  | Got a serpentine rune of Zot
 35331 | Snake:5  | Received a gift from Okawaru
 35796 | D:8      | Fell from the grace of Okawaru
 35796 | D:8      | Became a worshipper of the Shining One
 36226 | Depths:1 | Reached skill level 18 in Maces & Flails
 36353 | Depths:1 | Noticed a sphinx
 36366 | Depths:1 | Killed a sphinx
 36903 | Depths:2 | Paralysed by a sphinx for 5 turns
 36980 | Depths:2 | Acquired the Shining One's first power
 37047 | Depths:2 | Paralysed by an orc sorcerer for 3 turns
 37086 | Depths:2 | Reached XP level 19. HP: 92/123 MP: 32/32
 37268 | Depths:2 | Noticed Norris
 37274 | Depths:2 | Paralysed by Norris for 6 turns
 37288 | Depths:2 | Killed Norris
 37288 | Depths:2 | Reached skill level 15 in Fighting
 38205 | Depths:2 | Noticed a lich
 38215 | Depths:2 | Killed a lich
 38315 | Depths:2 | Found Salungal's Armour Shop.
 38327 | Depths:2 | Paralysed by a sphinx for 6 turns
 38358 | Depths:2 | Paralysed by a giant eyeball for 3 turns
 38363 | Depths:2 | Found a gateway to Hell.
 38404 | Depths:2 | Found a one-way gate to the infinite horrors of the Abyss.
 38466 | Depths:2 | Acquired the Shining One's second power
 38634 | Depths:2 | Found an ancient bone altar of Kikubaaqudgha.
 39492 | Depths:2 | Got a slimy wooden ring
 39495 | Depths:2 | Identified the ring "Sisafe Zydi" {SustAb MR+ SInv} (You found it on level 2 of the Depths)
 39578 | Depths:2 | Reached skill level 19 in Maces & Flails
 40259 | Shoals:1 | Entered Level 1 of the Shoals
 40767 | Shoals:1 | Was forgiven by Okawaru
 41645 | Shoals:2 | Reached XP level 20. HP: 130/130 MP: 32/32
 42137 | Shoals:2 | Found Wivoin's General Store.
 42662 | Shoals:3 | Acquired the Shining One's third power
 42679 | Shoals:3 | Noticed Louise
 42701 | Shoals:3 | Killed Louise
 42829 | Shoals:3 | Noticed Nikola
 42858 | Shoals:3 | Killed Nikola
 43343 | Shoals:4 | Reached skill level 1 in Throwing
 44056 | Shoals:5 | Entered Level 5 of the Shoals
 44070 | Shoals:5 | Found a flickering gateway to a bazaar.
 44084 | Bazaar   | Entered a bazaar
 44102 | Bazaar   | Found Storylepp's General Store.
 44108 | Bazaar   | Bought a potion of heal wounds for 36 gold pieces
 44120 | Bazaar   | Found Wiocwiremp's Armour Emporium.
 44135 | Bazaar   | Found Ghiutil's Food Shoppe.
 44150 | Bazaar   | Found Binwed's Food Emporium.
 44150 | Bazaar   | Found Naibyqib's Food Shoppe.
 44457 | Shoals:5 | Noticed Ilsuiw
 44471 | Shoals:5 | Reached skill level 5 in Throwing
 44494 | Shoals:5 | Killed Ilsuiw
 44629 | Shoals:5 | Got a barnacled rune of Zot
 44826 | Shoals:5 | Got a slimy silver amulet
 44828 | Shoals:5 | Identified the amulet "Trecloide" {rCorr rF+ rC- SInv} (You found it on level 5 of the Shoals)
 45680 | Hell     | Entered the Vestibule of Hell
 45680 | Hell     | Noticed Geryon
 45702 | Hell     | Reached XP level 21. HP: 94/137 MP: 28/33
 45840 | Hell     | Acquired the Shining One's fourth power
 45882 | Hell     | Killed Geryon
 46591 | Depths:3 | Found a one-way gate leading to the halls of Pandemonium.
 46620 | Depths:3 | Paralysed by a giant eyeball for 4 turns
 46711 | Depths:3 | Reached skill level 20 in Maces & Flails
 47086 | Depths:3 | Noticed a golden dragon
 47109 | Depths:3 | Killed a golden dragon
 47131 | Depths:3 | Noticed a golden dragon
 47141 | Depths:3 | Killed a golden dragon
 47242 | Depths:3 | Reached XP level 22. HP: 131/145 MP: 34/34
 48394 | Depths:4 | Voluntarily entered the Abyss.
 49666 | Abyss:2  | Reached skill level 21 in Maces & Flails
 49779 | Abyss:2  | Paralysed by accursed screaming for 2 turns
 49819 | Abyss:2  | Gained mutation: [You are dopey. (Int -2)] [a neqoxec]
 49939 | Abyss:4  | Paralysed by a giant eyeball for 2 turns
 49974 | Abyss:4  | Found a corrupted altar of Lugonu.
 50044 | Abyss:4  | Gained mutation: Your magical capacity is low (-10% MP). [a neqoxec]
 50045 | Abyss:4  | Gained mutation: Armour fits poorly on your strangely shaped body. [a neqoxec]
 50291 | Abyss:4  | Reached XP level 23. HP: 151/151 MP: 30/30
 50369 | Abyss:4  | Gained mutation: You occasionally shout uncontrollably. [a neqoxec]
 50406 | Abyss:4  | Paralysed by accursed screaming for 1 turns
 50481 | Abyss:4  | Gained mutation: You evolve. [a neqoxec]
 50484 | Abyss:4  | Gained mutation: [Your body is slowly deteriorating.] [a neqoxec]
 50600 | Abyss:4  | Gained mutation: [Your vision is a little blurry.] [a neqoxec]
 50622 | Abyss:5  | Entered Level 5 of the Abyss
 50686 | Abyss:5  | Got an abyssal rune of Zot
 50715 | Abyss:5  | Paralysed by a giant eyeball for 2 turns
 50791 | Abyss:5  | Gained mutation: [You have a fast metabolism.] [a neqoxec]
 50900 | Depths:4 | Escaped the Abyss
 51366 | Depths:4 | Found a roughly hewn altar of Beogh.
 51383 | Depths:4 | Gained mutation: [You tend to lose your temper in combat.] [a neqoxec]
 51745 | Depths:5 | Found a gateway to a ziggurat.
 51780 | Zig:1    | Entered Level 1 of a ziggurat
 51805 | Zig:2    | Entered Level 2 of a ziggurat
 51884 | Zig:3    | Entered Level 3 of a ziggurat
 51889 | Zig:3    | Gained mutation: [Your vision is quite blurry.] [a shining eye]
 51909 | Zig:4    | Entered Level 4 of a ziggurat
 52017 | Zig:4    | Identified the Papyrus of Earth (You found it on level 4 of a ziggurat)
 52059 | Zig:5    | Entered Level 5 of a ziggurat
 52105 | Zig:5    | Got a flickering marble ring
 52108 | Zig:5    | Identified the cursed ring "Farafafy" {+Fly Int-2} (You found it on level 5 of a ziggurat)
 52117 | Zig:6    | Entered Level 6 of a ziggurat
 52142 | Zig:6    | Reached skill level 22 in Maces & Flails
 52168 | Zig:6    | Got a sparkling silver amulet
 52171 | Zig:6    | Identified the amulet "Ihevuune" {rMut rElec rC+} (You found it on level 6 of a ziggurat)
 52178 | Zig:7    | Entered Level 7 of a ziggurat
 52459 | Zig:8    | Entered Level 8 of a ziggurat
 52490 | Zig:8    | Reached XP level 24. HP: 158/158 MP: 31/31
 52513 | Zig:8    | Lost mutation: Your magical capacity is low (-10% MP). [potion of cure mutation]
 52513 | Zig:8    | Lost mutation: [You are dopey. (Int -2)] [potion of cure mutation]
 52513 | Zig:8    | Lost mutation: [Your body is slowly deteriorating.] [potion of cure mutation]
 52513 | Zig:8    | Lost mutation: [You tend to lose your temper in combat.] [potion of cure mutation]
 52526 | Zig:9    | Entered Level 9 of a ziggurat
 52627 | Zig:10   | Entered Level 10 of a ziggurat
 52943 | Zig:10   | Lost mutation: [You have a fast metabolism.] [potion of cure mutation]
 52943 | Zig:10   | Lost mutation: [Your vision is quite blurry.] [potion of cure mutation]
 52943 | Zig:10   | Lost mutation: Your flesh is cold resistant. [potion of cure mutation]
 52965 | Zig:11   | Entered Level 11 of a ziggurat
 53239 | Zig:11   | Got a vibrating granite ring
 53242 | Zig:11   | Identified the ring "Efinacir" {Hunger Acc-2 Dam+4} (You found it on level 11 of a ziggurat)
 53294 | Zig:12   | Entered Level 12 of a ziggurat
 53473 | Zig:12   | Got a flickering turquoise ring
 53474 | Zig:12   | Identified the ring of Ohets {Str+4 Dex+2 Int+3} (You found it on level 12 of a ziggurat)
 53479 | Zig:12   | Reached XP level 25. HP: 164/164 MP: 33/35
 53486 | Zig:12   | Got a fine glass ring
 53487 | Zig:12   | Identified the ring "Resm" {EV+3 Str+2 Dex+4} (You found it on level 12 of a ziggurat)
 53494 | Zig:13   | Entered Level 13 of a ziggurat
 53909 | Zig:13   | Got a wavering bronze ring
 53918 | Zig:13   | Identified the ring "Plemal" {rElec rPois MR SInv} (You found it on level 13 of a ziggurat)
 53925 | Zig:14   | Entered Level 14 of a ziggurat
 53968 | Zig:14   | Gained mutation: [You have a fast metabolism.] [a neqoxec]
 53974 | Zig:14   | Paralysed by accursed screaming for 2 turns
 53988 | Zig:14   | HP: 4/147 [starcursed mass/accursed screaming (19)]
 53990 | Zig:14   | Paralysed by accursed screaming for 2 turns
 53998 | Zig:14   | Paralysed by accursed screaming for 2 turns
 54001 | Zig:14   | Killed from afar by a starcursed mass

Action                   |  1- 3 |  4- 6 |  7- 9 | 10-12 | 13-15 | 16-18 | 19-21 | 22-24 | 25-27 || total
-------------------------+-------+-------+-------+-------+-------+-------+-------+-------+-------++-------
Melee: Flail             |   139 |   293 |    18 |       |       |       |       |       |       ||   450
       Morningstar       |       |       |   463 |   851 |       |       |       |       |       ||  1314
       Whip              |       |       |    15 |       |       |       |       |       |       ||    15
       Eveningstar       |       |       |       |   186 |  1861 |  1577 |  2017 |  1520 |   115 ||  7276
Invok: Heroism           |       |       |     1 |     5 |     8 |     7 |       |       |       ||    21
       Divine Shield     |       |       |       |       |       |       |     4 |    10 |     2 ||    16
       Cleansing Flame   |       |       |       |       |       |       |     9 |     5 |     4 ||    18
       Summon Divine War |       |       |       |       |       |       |       |     5 |     2 ||     7
 Abil: Fly               |       |       |       |       |     1 |       |     5 |     1 |       ||     7
       Stop Flying       |       |       |       |       |       |       |     5 |       |     1 ||     6
Evoke: Wand              |       |     1 |     4 |     3 |     6 |     3 |     6 |     3 |     1 ||    27
       Fan of gales      |       |       |       |       |       |       |     1 |     2 |       ||     3
       Lamp of fire      |       |       |       |       |       |       |       |     2 |       ||     2
  Use: Scroll            |       |     7 |     8 |    10 |    11 |     6 |    15 |    15 |     4 ||    76
       Potion            |       |       |     2 |     6 |     1 |       |     7 |     5 |     4 ||    25
 Stab: Confused          |       |       |     1 |       |       |       |       |       |       ||     1
       Petrified         |       |       |       |       |       |       |       |     2 |       ||     2
       Distracted        |       |       |       |       |       |       |       |     1 |       ||     1
